| TOP OF THE 1ST |
|
Miami Beach Marlins batting - Pitching for Americus Braves : RHP Justin Collins
|
|
Pitching: RHP Justin Collins
|
|
|
Batting: LHB Jose Bregaro
|
0-0: Ball 1-0: Foul Ball, location: 2F 1-1: SOLO HOME RUN (Line Drive, 7LD, EV 101.3 MPH), Distance : 371 ft
|
|
Batting: LHB Eric Bailey
|
0-0: DOUBLE (Flyball, 89XD, EV 95.0 MPH)
|
|
Batting: RHB Dale Young
|
0-0: Ball 1-0: Ball 2-0: Foul Ball, location: 2F 2-1: Foul Ball, location: 2F 2-2: Ball 3-2: Foul Ball, location: 2F 3-2: SINGLE (Groundball, 56, EV 107.5 MPH) Eric Bailey to third
|
|
Batting: RHB Willie Chavez
|
0-0: Ball 1-0: Called Strike 1-1: Ball 2-1: Called Strike 2-2: Ball 3-2: Fly out, F8 (Flyball, 78D, EV 92.5 MPH) Runner from 3rd tags up, SCORES, throw by CF
|
|
Batting: RHB Erik Coleman
|
0-0: Ball Dale Young steals 2nd base 1-0: Foul Ball, location: 2F 1-1: Called Strike 1-2: Ball 2-2: Strikes out swinging
|
|
Batting: RHB J.D. Vander Klok
|
0-0: Called Strike 0-1: Ball 1-1: Ball 2-1: Called Strike 2-2: Ground out 6-3 (Groundball, 6, EV 81.9 MPH)
|
| Top of the 1st over - 2 runs, 3 hits, 0 errors, 1 left on base; Miami Beach 2 - Americus 0 |
| BOTTOM OF THE 1ST |
|
Americus Braves batting - Pitching for Miami Beach Marlins : RHP Alberto Negrete
|
|
Pitching: RHP Alberto Negrete
|
|
|
Batting: SHB Jose Melendez
|
0-0: Swinging Strike 0-1: Called Strike 0-2: Ball 1-2: Strikes out swinging
|
|
Batting: RHB Joe Young
|
0-0: Called Strike 0-1: Called Strike 0-2: Ball 1-2: Ball 2-2: Strikes out swinging
|
|
Batting: RHB Yojiro Hayashi
|
0-0: Ball 1-0: Called Strike 1-1: Ball 2-1: Foul Ball, location: 2F 2-2: Fly out, F7 (Flyball, 7LS, EV 86.9 MPH)
|
| Bottom of the 1st over - 0 runs, 0 hits, 0 errors, 0 left on base; Miami Beach 2 - Americus 0 |
| TOP OF THE 2ND |
|
Miami Beach Marlins batting - Pitching for Americus Braves : RHP Justin Collins
|
|
Batting: RHB Andy Kelly
|
0-0: Ball 1-0: Ball 2-0: Foul Ball, location: 2F 2-1: Ground out 6-3 (Groundball, 56, EV 106.3 MPH)
|
|
Batting: LHB Matt McKeon
|
0-0: Called Strike 0-1: Called Strike 0-2: Ball 1-2: Strikes out looking
|
|
Batting: RHB Tony Ledezma
|
0-0: Foul Ball, location: 2F 0-1: Called Strike 0-2: Strikes out swinging
|
| Top of the 2nd over - 0 runs, 0 hits, 0 errors, 0 left on base; Miami Beach 2 - Americus 0 |
| BOTTOM OF THE 2ND |
|
Americus Braves batting - Pitching for Miami Beach Marlins : RHP Alberto Negrete
|
|
Batting: LHB Ryan Murdock
|
0-0: Called Strike 0-1: Ball 1-1: Ball 2-1: Called Strike 2-2: Foul Ball, location: 2F 2-2: Foul Ball, location: 2F 2-2: Foul Ball, location: 2F 2-2: Ball 3-2: Strikes out looking
|
|
Batting: LHB Mark Dearth
|
0-0: Ball 1-0: Foul Ball, location: 2F 1-1: Foul Ball, location: 2F 1-2: Ball 2-2: Strikes out swinging
|
|
Batting: RHB Terry Hughes
|
0-0: Ball 1-0: Reached on error, E6 (Groundball, 6, EV 103.1 MPH)
|
|
Batting: RHB Josh McCormick
|
0-0: Ball 1-0: Called Strike 1-1: Swinging Strike 1-2: Strikes out swinging
|
| Bottom of the 2nd over - 0 runs, 0 hits, 1 error, 1 left on base; Miami Beach 2 - Americus 0 |
| TOP OF THE 3RD |
|
Miami Beach Marlins batting - Pitching for Americus Braves : RHP Justin Collins
|
|
Batting: LHB Jose Bregaro
|
0-0: Ball 1-0: Called Strike 1-1: Foul Ball, location: 2F 1-2: Ball 2-2: Ball 3-2: Foul Ball, location: 2F 3-2: Fly out, F9 (Flyball, 9S, EV 87.5 MPH)
|
|
Batting: LHB Eric Bailey
|
0-0: Foul Ball, location: 2F 0-1: Foul Ball, location: 2F 0-2: Ball 1-2: Foul Ball, location: 2F 1-2: Foul Ball, location: 2F 1-2: Ball 2-2: Ball 3-2: Fly out, F8 (Line Drive, 8RM, EV 93.8 MPH)
|
|
Batting: RHB Dale Young
|
0-0: Ball 1-0: Ball 2-0: Ball 3-0: Called Strike 3-1: Called Strike 3-2: Foul Ball, location: 2F 3-2: Foul Ball, location: 2F 3-2: Base on Balls
|
|
Batting: RHB Willie Chavez
|
0-0: Ball 1-0: Called Strike Dale Young steals 2nd base 1-1: Foul Ball, location: 2F 1-2: Ball 2-2: Ball 3-2: Ground out U3 (Groundball, 34, EV 103.8 MPH)
|
| Top of the 3rd over - 0 runs, 0 hits, 0 errors, 1 left on base; Miami Beach 2 - Americus 0 |
| BOTTOM OF THE 3RD |
|
Americus Braves batting - Pitching for Miami Beach Marlins : RHP Alberto Negrete
|
|
Batting: LHB Andres Aldape
|
0-0: Called Strike 0-1: Called Strike 0-2: Foul Ball, location: 2F 0-2: Ball 1-2: Strikes out swinging
|
|
Batting: RHB George Provance
|
0-0: Foul Ball, location: 2F 0-1: Swinging Strike 0-2: Ball 1-2: Foul Ball, location: 2F 1-2: Foul Ball, location: 2F 1-2: Fly out, F8 (Flyball, 8RXD, EV 105.0 MPH)
|
|
Batting: SHB Jose Melendez
|
0-0: Called Strike 0-1: Ball 1-1: Foul Ball, location: 2F 1-2: Fly out, F9 (Line Drive, 9, EV 110.6 MPH)
|
| Bottom of the 3rd over - 0 runs, 0 hits, 0 errors, 0 left on base; Miami Beach 2 - Americus 0 |
| TOP OF THE 4TH |
|
Miami Beach Marlins batting - Pitching for Americus Braves : RHP Justin Collins
|
|
Batting: RHB Erik Coleman
|
0-0: Ground out U3 (Groundball, 34, EV 107.5 MPH)
|
|
Batting: RHB J.D. Vander Klok
|
0-0: Called Strike 0-1: Ball 1-1: Ball 2-1: Ball 3-1: Foul Ball, location: 2F 3-2: Foul Ball, location: 2F 3-2: SINGLE (Line Drive, 56D, EV 98.1 MPH)
|
|
Batting: RHB Andy Kelly
|
0-0: Called Strike 0-1: Foul Ball, location: 2F 0-2: Ball 1-2: Foul Ball, location: 2F 1-2: Strikes out swinging
|
|
Batting: LHB Matt McKeon
|
0-0: Foul Ball, location: 2F 0-1: Ball 1-1: Foul Ball, location: 2F 1-2: Ball 2-2: Ball J.D. Vander Klok steals 2nd base 3-2: Foul Ball, location: 2F 3-2: Foul Ball, location: 2F 3-2: Base on Balls
|
|
Batting: RHB Tony Ledezma
|
0-0: SINGLE (Line Drive, 8RS, EV 105.0 MPH) J.D. Vander Klok to third Matt McKeon to second Runner from 3rd tries for Home, throw by CF and OUT! 8-2
|
| Top of the 4th over - 0 runs, 2 hits, 0 errors, 2 left on base; Miami Beach 2 - Americus 0 |
| BOTTOM OF THE 4TH |
|
Americus Braves batting - Pitching for Miami Beach Marlins : RHP Alberto Negrete
|
|
Batting: RHB Joe Young
|
0-0: Ball 1-0: Foul Ball, location: 2F 1-1: Ball 2-1: Foul Ball, location: 2F 2-2: Foul Ball, location: 2F 2-2: Fly out, F9 (Flyball, 9D, EV 88.8 MPH)
|
|
Batting: RHB Yojiro Hayashi
|
0-0: Ball 1-0: Fly out, F8 (Flyball, 8LM, EV 92.5 MPH)
|
|
Batting: LHB Ryan Murdock
|
0-0: Ball 1-0: Ground out 4-3 (Groundball, 4, EV 104.4 MPH)
|
| Bottom of the 4th over - 0 runs, 0 hits, 0 errors, 0 left on base; Miami Beach 2 - Americus 0 |
| TOP OF THE 5TH |
|
Miami Beach Marlins batting - Pitching for Americus Braves : RHP Justin Collins
|
|
Batting: LHB Jose Bregaro
|
0-0: Ball 1-0: Foul Ball, location: 2F 1-1: Swinging Strike 1-2: SINGLE (Groundball, 4MS, EV 66.9 MPH) (infield hit)
|
|
Batting: LHB Eric Bailey
|
0-0: Ball Jose Bregaro is caught stealing 2nd base 2-6 1-0: Ball 2-0: Called Strike 2-1: Swinging Strike 2-2: Ball 3-2: Foul Ball, location: 2F 3-2: Foul Ball, location: 2F 3-2: Foul Ball, location: 2F 3-2: Base on Balls
|
|
Batting: RHB Dale Young
|
0-0: Fly out, F7 (Flyball, 7D, EV 104.4 MPH)
|
|
Batting: RHB Willie Chavez
|
0-0: Ball 1-0: Ball 2-0: Called Strike 2-1: Ball 3-1: Called Strike 3-2: Base on Balls Eric Bailey to second
|
|
Pitching: RHP Carlos Dominguez
|
|
|
Batting: RHB Erik Coleman
|
0-0: Called Strike 0-1: Ball 1-1: Swinging Strike 1-2: Strikes out swinging
|
| Top of the 5th over - 0 runs, 1 hit, 0 errors, 2 left on base; Miami Beach 2 - Americus 0 |
| BOTTOM OF THE 5TH |
|
Americus Braves batting - Pitching for Miami Beach Marlins : RHP Alberto Negrete
|
|
Batting: LHB Mark Dearth
|
0-0: Called Strike 0-1: Ball 1-1: Ball 2-1: Foul Ball, location: 2F 2-2: Strikes out swinging
|
|
Batting: RHB Terry Hughes
|
0-0: Swinging Strike 0-1: Ball 1-1: Ball 2-1: Fly out, F8 (Flyball, 8LXD, EV 87.5 MPH)
|
|
Batting: RHB Josh McCormick
|
0-0: Ball 1-0: Ball 2-0: Ball 3-0: Called Strike 3-1: Foul Ball, location: 2F 3-2: Foul Ball, location: 2F 3-2: Base on Balls
|
|
Batting: LHB Andres Aldape
|
0-0: Ball 1-0: 2-RUN HOME RUN (Line Drive, 9D, EV 101.3 MPH), Distance : 390 ft
|
|
Batting: RHB George Provance
|
0-0: Called Strike 0-1: Called Strike 0-2: Ball 1-2: Ball 2-2: Strikes out swinging
|
| Bottom of the 5th over - 2 runs, 1 hit, 0 errors, 0 left on base; Miami Beach 2 - Americus 2 |
| TOP OF THE 6TH |
|
Miami Beach Marlins batting - Pitching for Americus Braves : RHP Carlos Dominguez
|
|
Batting: RHB J.D. Vander Klok
|
0-0: Ball 1-0: Foul Ball, location: 2F 1-1: Foul Ball, location: 2F 1-2: Ball 2-2: Strikes out looking
|
|
Batting: RHB Andy Kelly
|
0-0: Ball 1-0: Foul Ball, location: 2F 1-1: Ball 2-1: Ball 3-1: Called Strike 3-2: Foul Ball, location: 2F 3-2: Strikes out swinging
|
|
Batting: LHB Matt McKeon
|
0-0: Foul Ball, location: 2F 0-1: Foul Ball, location: 2F 0-2: Ball 1-2: Strikes out swinging
|
| Top of the 6th over - 0 runs, 0 hits, 0 errors, 0 left on base; Miami Beach 2 - Americus 2 |
| BOTTOM OF THE 6TH |
|
Americus Braves batting - Pitching for Miami Beach Marlins : RHP Alberto Negrete
|
|
Pitching: RHP Aidan Mitchell
|
|
|
Batting: SHB Jose Melendez
|
0-0: Ball 1-0: Ground out 1-3 (Groundball, 13, EV 70.0 MPH)
|
|
Pitching: RHP J.P. Wilson
|
|
|
Batting: RHB Joe Young
|
0-0: Foul Ball, location: 2F 0-1: Called Strike 0-2: SINGLE (Flyball, 89S, EV 92.5 MPH)
|
|
Batting: RHB Yojiro Hayashi
|
0-0: Called Strike 0-1: Ball 1-1: Swinging Strike 1-2: Foul Ball, location: 2F 1-2: Strikes out swinging
|
|
Batting: LHB Ryan Murdock
|
0-0: Ball Joe Young is caught stealing 2nd base 2-6
|
| Bottom of the 6th over - 0 runs, 1 hit, 0 errors, 0 left on base; Miami Beach 2 - Americus 2 |
| TOP OF THE 7TH |
|
Miami Beach Marlins batting - Pitching for Americus Braves : RHP Carlos Dominguez
|
|
Pitching: RHP Wami Benthami
|
|
|
Batting: RHB Tony Ledezma
|
0-0: Ball 1-0: SINGLE (Groundball, 6M, EV 100.0 MPH) (infield hit)
|
|
Batting: LHB Jose Bregaro
|
0-0: Ball 1-0: Called Strike 1-1: Called Strike 1-2: Ball 2-2: Ball 3-2: Fielders Choice at 2nd, 3-6 (Groundball, 34, EV 108.8 MPH)
|
|
Batting: LHB Eric Bailey
|
0-0: Ball 1-0: Ball Jose Bregaro steals 2nd base 2-0: Intentional Walk
|
|
Batting: RHB Dale Young
|
0-0: Called Strike 0-1: Foul Ball, location: 2F 0-2: Strikes out swinging
|
|
Batting: RHB Willie Chavez
|
0-0: Called Strike 0-1: Ball 1-1: Ball 2-1: Ball 3-1: Base on Balls Jose Bregaro to third Eric Bailey to second
|
|
Batting: RHB Erik Coleman
|
0-0: Called Strike 0-1: Ball 1-1: SINGLE (Groundball, 4D, EV 95.0 MPH) Jose Bregaro scores Eric Bailey to third Willie Chavez to second Runner from 3rd tries for Home, SAFE, throw by CF to home
|
|
Batting: RHB J.D. Vander Klok
|
0-0: Foul Ball, location: 2F 0-1: Called Strike 0-2: Foul Ball, location: 2F 0-2: Strikes out swinging
|
| Top of the 7th over - 2 runs, 2 hits, 0 errors, 2 left on base; Miami Beach 4 - Americus 2 |
| BOTTOM OF THE 7TH |
|
Americus Braves batting - Pitching for Miami Beach Marlins : RHP J.P. Wilson
|
|
Batting: LHB Ryan Murdock
|
0-0: Foul Ball, location: 2F 0-1: Foul Ball, location: 2F 0-2: SINGLE (Groundball, 6MD, EV 96.3 MPH)
|
|
Batting: LHB Mark Dearth
|
0-0: Ball 1-0: Called Strike 1-1: Swinging Strike 1-2: Ball 2-2: Strikes out swinging
|
|
Batting: RHB Terry Hughes
|
0-0: Ball 1-0: SINGLE (Groundball, 6MD, EV 98.8 MPH) Ryan Murdock to second
|
|
Batting: RHB Josh McCormick
|
0-0: Ball 1-0: Ball 2-0: Called Strike 2-1: Foul Ball, location: 2F 2-2: Grounds into double play, 6-4-3 (Groundball, 6, EV 85.0 MPH)
|
| Bottom of the 7th over - 0 runs, 2 hits, 0 errors, 1 left on base; Miami Beach 4 - Americus 2 |
| TOP OF THE 8TH |
|
Miami Beach Marlins batting - Pitching for Americus Braves : RHP Wami Benthami
|
|
Pitching: RHP Armando Padron
|
|
|
Batting: RHB Andy Kelly
|
0-0: Ball 1-0: Foul Ball, location: 2F 1-1: Foul Ball, location: 2F 1-2: Ball 2-2: Ball 3-2: SINGLE (Groundball, 56D, EV 101.3 MPH)
|
|
Batting: LHB Matt McKeon
|
0-0: Ball 1-0: Foul Ball, location: 2F 1-1: Called Strike 1-2: Ball 2-2: Foul Ball, location: 2F 2-2: Foul Ball, location: 2F 2-2: Ball 3-2: TRIPLE (Line Drive, 89XD, EV 105.0 MPH) Andy Kelly scores
|
|
Batting: RHB Tony Ledezma
|
0-0: Ball 1-0: Called Strike 1-1: Called Strike 1-2: Ball 2-2: Ball 3-2: Ground out 6-3 (Groundball, 6M, EV 85.6 MPH) Matt McKeon scores
|
|
Pitching: RHP Manny Rolfe
|
|
|
Batting: LHB Jose Bregaro
|
0-0: Ball 1-0: DOUBLE (Line Drive, 89M, EV 96.9 MPH)
|
|
Batting: LHB Eric Bailey
|
0-0: Ball 1-0: Swinging Strike 1-1: Ball 2-1: Called Strike 2-2: Foul Ball, location: 2F 2-2: Strikes out swinging
|
|
Batting: RHB Dale Young
|
0-0: Called Strike 0-1: Fly out, F9 (Flyball, 89M, EV 85.6 MPH)
|
| Top of the 8th over - 2 runs, 3 hits, 0 errors, 1 left on base; Miami Beach 6 - Americus 2 |
| BOTTOM OF THE 8TH |
|
Americus Braves batting - Pitching for Miami Beach Marlins : RHP J.P. Wilson
|
|
Batting: LHB Andres Aldape
|
0-0: Ball 1-0: Swinging Strike 1-1: Swinging Strike 1-2: SOLO HOME RUN (Flyball, 9D, EV 98.8 MPH), Distance : 392 ft
|
|
Batting: RHB George Provance
|
0-0: Foul Ball, location: 2F 0-1: SINGLE (Groundball, 6MS, EV 66.9 MPH) (infield hit)
|
|
Batting: SHB Jose Melendez
|
0-0: Called Strike 0-1: Ball 1-1: Ball 2-1: Swinging Strike 2-2: Foul Ball, location: 2F 2-2: Strikes out swinging
|
|
Batting: RHB Joe Young
|
0-0: Ball 1-0: Ball 2-0: Ball 3-0: Called Strike 3-1: Base on Balls George Provance to second
|
|
Batting: RHB Yojiro Hayashi
|
0-0: Ball 1-0: Foul Ball, location: 2F 1-1: Foul Ball, location: 2F 1-2: Strikes out swinging
|
|
Pitching: RHP Pat Siebert
|
|
|
Batting: LHB Ryan Murdock
|
0-0: Called Strike 0-1: Called Strike 0-2: Ball 1-2: Strikes out swinging
|
| Bottom of the 8th over - 1 run, 2 hits, 0 errors, 2 left on base; Miami Beach 6 - Americus 3 |
| TOP OF THE 9TH |
|
Miami Beach Marlins batting - Pitching for Americus Braves : RHP Manny Rolfe
|
|
Batting: RHB Willie Chavez
|
0-0: SINGLE (Groundball, 6M, EV 102.5 MPH)
|
|
Batting: RHB Erik Coleman
|
0-0: Called Strike 0-1: Ball 1-1: Swinging Strike 1-2: Ball 2-2: Strikes out looking
|
|
Batting: RHB J.D. Vander Klok
|
0-0: Ball 1-0: Called Strike 1-1: Ball 2-1: Foul Ball, location: 2F 2-2: Foul Ball, location: 2F 2-2: Ball 3-2: Strikes out looking
|
|
Batting: RHB Andy Kelly
|
0-0: Ground out 4-3 (Groundball, 4, EV 92.5 MPH)
|
| Top of the 9th over - 0 runs, 1 hit, 0 errors, 1 left on base; Miami Beach 6 - Americus 3 |
| BOTTOM OF THE 9TH |
|
Americus Braves batting - Pitching for Miami Beach Marlins : RHP Pat Siebert
|
|
Batting: LHB Mark Dearth
|
0-0: Ball 1-0: Ball 2-0: Ball 3-0: Called Strike 3-1: Called Strike 3-2: Strikes out looking
|
|
Batting: RHB Terry Hughes
|
0-0: Ball 1-0: Fly out, F8 (Line Drive, 8RM, EV 93.8 MPH)
|
|
Batting: RHB Josh McCormick
|
0-0: Called Strike 0-1: Called Strike 0-2: Strikes out swinging
|
| Bottom of the 9th over - 0 runs, 0 hits, 0 errors, 0 left on base; Miami Beach 6 - Americus 3 |
|